 Dungeon Crawl Stone Soup version 0.18.1-50-g88ac8fd (webtiles) character file.

991 Chiseanne the Charmwright (level 8, -3/54 HPs)
             Began as an Octopode Skald on May 18, 2017.
             Slain by a centaur (10 damage)
             ... on level 5 of the Dungeon.
             The game lasted 00:13:21 (7166 turns).

Chiseanne the Charmwright (Octopode Skald)          Turns: 7166, Time: 00:13:21

Health: -3/54      AC:  1    Str: 10 (12) XL:     8   Next: 18%
Magic:  15/15      EV: 12    Int: 12 (14) God:
Gold:   218        SH:  0    Dex:  7 (13) Spells: 4 memorised, 8 levels left

rFire  . . .     SeeInvis +     a - +2 hand axe
rCold  . . .     Gourm    +     (no shield)
rNeg   . . .     Faith    .     (helmet restricted)
rPois  +         Spirit   .     o - amulet of the gourmand
rElec  .         Dismiss  .     n - ring of protection from magic
rCorr  .         Reflect  .     (no ring)
SustAt .         Harm     .     (no ring)
MR     +....                    (no ring)
Stlth  ++........               (no ring)
                                (no ring)
                                (no ring)
                                (no ring)

@: somewhat resistant to hostile enchantments, unstealthy
A: almost no armour, amphibious, 8 rings, constrict 8, tentacle spike 1,
camouflage 1, see invisible, deterioration 1, poison resistance, gelatinous body
1
a: no special abilities


You were on level 5 of the Dungeon.
You were very full.

You visited 1 branch of the dungeon, and saw 5 of its levels.

You collected 218 gold pieces.

Inventory:

Hand Weapons
 a - a +2 hand axe (weapon)
 s - a +0 mace of protection
 x - a +0 blowgun
Missiles
 d - 27 sling bullets
 e - 122 stones
 f - 10 tomahawks (quivered)
 j - 31 bolts
 k - 2 javelins
 l - 5 curare-tipped needles
 w - 5 poisoned needles
Jewellery
 n - a ring of protection from magic (left tentacle)
 o - an amulet of the gourmand (around mantle)
 A - an uncursed amulet of regeneration {unknown}
Wands
 i - a wand of polymorph (10/24)
 u - a wand of acid (3/15)
 y - a wand of random effects (22/48)
Scrolls
 p - 2 scrolls of amnesia
 v - 2 scrolls of remove curse
Potions
 h - 4 potions of flight
 m - a potion of agility
 q - a potion of ambrosia
 z - 3 potions of curing
Books
 b - a book of Battle

   Spells                             Type                      Level
   a - Infusion                       Charms                       1
   b - Shroud of Golubria             Charms/Translocation         2
   c - Song of Slaying                Charms                       2
   d - Spectral Weapon                Hexes/Charms                 3
   e - Regeneration                   Charms/Necromancy            3
Comestibles
 c - 2 bread rations
 g - a royal jelly
 r - 3 meat rations
 t - 4 fruits


   Skills:
 * Level 4.9 Fighting
 - Level 2.0 Axes
 * Level 4.6 Dodging
 * Level 4.6 Spellcasting
 * Level 5.5 Charms


You had 8 spell levels left.
You knew the following spells:

 Your Spells              Type           Power        Failure   Level  Hunger
a - Infusion              Chrm           ###.         1%          1    None
b - Song of Slaying       Chrm           ###.....     3%          2    ##.....
c - Shroud of Golubria    Chrm/Tloc      #.........   12%         2    ##.....
d - Regeneration          Chrm/Necr      #.........   24%         3    ###....


Dungeon Overview and Level Annotations

Branches:
Dungeon (5/15)
 Temple: D:4-7

Altars:
Ashenzari
Cheibriados
Dithmenos
Elyvilon
Fedhas
Nemelex Xobeh
Pakellas
Sif Muna
Trog
Vehumet
Xom
Zin
The Shining One

Annotations:
D:4 1 runed door


Innate Abilities, Weirdness & Mutations

You cannot wear most types of armour.
You are amphibious.
You can wear up to eight rings at the same time.
You can use your tentacles to constrict eight enemies at once.
Your skin changes colour to match your surroundings (Stealth).
Your rubbery body absorbs attacks (AC +1).
One of your tentacles bears a spike.
You have supernaturally acute eyesight.
Your body sometimes deteriorates upon taking damage.
Your system is resistant to poisons.


Message History

The centaur hits you.
You barely miss the centaur.
You pierce the centaur, but do no damage.
The centaur is moderately wounded.
The centaur hits you.
* * * LOW HITPOINT WARNING * * *
The centaur barely misses you.
You slash the centaur!
The centaur is severely wounded.
The centaur hits you.
* * * LOW HITPOINT WARNING * * *
The centaur hits you.
* * * LOW HITPOINT WARNING * * *
You completely miss the centaur.
You pierce the centaur, but do no damage.
The centaur is severely wounded.
The centaur hits you.
* * * LOW HITPOINT WARNING * * *
The centaur hits you!
You die...

########## . #........#
# ..?.######........# #
......c@('........# #
......####........######
..... #.....##......'
.... #.....##...#### ...
#.....##...# # .#
###'#####+## #.# #.# #.#


You could see a centaur.

Vanquished Creatures
  Grinder (D:4)
  Eustachio (D:4)
  4 slaves (D:4)
  2 scorpions
  A howler monkey (D:4)
  A quasit (D:5)
  3 orc priests
  An orc wizard (D:5)
  Natasha (thrice) (D:2)
  3 worker ants (D:4)
  Robin (D:3)
  7 adders
  A shadow imp (D:4)
  An ooze (D:3)
  An adder skeleton (D:4)
  2 worms
  A dart slug (D:1)
  4 giant geckos
  23 orcs
  5 giant cockroaches
  12 goblins
  9 hobgoblins
  3 jackals (D:4)
  2 quokkas
  6 bats
  6 giant newts
  6 kobolds
  A quokka skeleton (D:4)
  9 rats
120 creatures vanquished.

Notes
Turn   | Place    | Note
--------------------------------------------------------------
     0 | D:1      | Chiseanne the Octopode Skald began the quest for the Orb.
     0 | D:1      | Reached XP level 1. HP: 14/14 MP: 3/3
   274 | D:1      | Reached XP level 2. HP: 12/19 MP: 5/5
  1128 | D:2      | Reached XP level 3. HP: 25/25 MP: 6/6
  1138 | D:2      | Noticed Natasha
  1148 | D:2      | Killed Natasha
  1404 | D:2      | Reached XP level 4. HP: 29/30 MP: 8/8
  1544 | D:2      | Noticed Natasha
  1596 | D:2      | Found a shattered altar of Ashenzari.
  2637 | D:2      | Gained mutation: Your system is resistant to poisons. [potion of mutation]
  2637 | D:2      | Gained mutation: One of your tentacles bears a spike. [potion of mutation]
  2637 | D:2      | Gained mutation: Your body sometimes deteriorates upon taking damage. [potion of mutation]
  2639 | D:2      | Gained mutation: You have supernaturally acute eyesight. [potion of beneficial mutation]
  2642 | D:2      | Killed Natasha
  2642 | D:2      | Reached XP level 5. HP: 10/36 MP: 9/9
  2883 | D:2      | Reached skill level 4 in Charms
  2997 | D:2      | Noticed Natasha
  3100 | D:2      | Killed Natasha
  3132 | D:3      | Reached XP level 6. HP: 15/42 MP: 11/11
  3311 | D:3      | Learned a level 2 spell: Song of Slaying
  3314 | D:3      | Learned a level 2 spell: Shroud of Golubria
  3318 | D:3      | Learned a level 3 spell: Regeneration
  3338 | D:3      | Found a shimmering altar of Xom.
  3564 | D:3      | Noticed Robin
  3570 | D:3      | Killed Robin
  4622 | D:4      | Noticed Grinder
  4669 | D:4      | Noticed Eustachio
  4985 | D:4      | Killed Eustachio
  4985 | D:4      | Reached XP level 7. HP: 36/48 MP: 12/12
  5289 | D:4      | Noticed Pikel
  5758 | D:4      | Found a runed door.
  5758 | D:4      | Found a white marble altar of Elyvilon.
  5758 | D:4      | Noticed an angel
  6083 | D:4      | Killed Grinder
  6083 | D:4      | Reached skill level 5 in Charms
  6516 | D:4      | Found a glowing silver altar of Zin.
  6522 | D:4      | Reached XP level 8. HP: 42/54 MP: 14/14
  6586 | D:4      | Found a bloodstained altar of Trog.
  6587 | D:4      | Found a snail-covered altar of Cheibriados.
  6587 | D:4      | Found a glowing golden altar of the Shining One.
  6587 | D:4      | Found a shadowy altar of Dithmenos.
  6587 | D:4      | Found a deep blue altar of Sif Muna.
  6588 | D:4      | Found a blossoming altar of Fedhas.
  6590 | D:4      | Found an oddly glowing altar of Pakellas.
  6591 | D:4      | Found a sparkling altar of Nemelex Xobeh.
  6596 | D:4      | Found a radiant altar of Vehumet.
  6830 | D:5      | Entered Level 5 of the Dungeon
  7166 | D:5      | Slain by a centaur

Skill      XL: |  1  2  3  4  5  6  7 |
---------------+----------------------+-----
Dodging        | 2 3 4 |  4.6
Fighting       | 3 4 |  4.9
Spellcasting   | 3 4 |  4.6
Charms         | 4 5 |  5.5
Axes           | |  2.0

Action                   |  1- 3 |  4- 6 |  7- 9 || total
-------------------------+-------+-------+-------++-------
Melee: Hand axe          |    58 |   139 |   101 ||   298
       Constrict         |    18 |    38 |    26 ||    82
       Tentacles         |    10 |    22 |    17 ||    49
       Kick              |       |    32 |    24 ||    56
Throw: Javelin           |     2 |       |       ||     2
       Tomahawk          |     1 |       |       ||     1
  Use: Scroll            |     3 |     6 |     3 ||    12
       Potion            |       |     6 |       ||     6
 Stab: Sleeping          |     3 |     2 |     3 ||     8
  Eat: Chunk             |    10 |    14 |     7 ||    31
Armor: Skin              |     5 |     9 |    11 ||    25
Dodge: Dodged            |    38 |    81 |    81 ||   200
